 Dungeon Crawl Stone Soup version 0.24-a0-230-g536ed4e (webtiles) character file.

Game seed: 4714852209744215646

20 vorskei the Caller (level 2, -8/15 HPs)
             Began as a Deep Elf Summoner on Apr 2, 2019.
             Killed from afar by a white imp (11 damage)
             ... with a puff of frost
             ... summoned by the player character
             ... on level 2 of the Dungeon.
             The game lasted 00:13:59 (1408 turns).

vorskei the Caller (Deep Elf Summoner)              Turns: 1408, Time: 00:14:00

Health: -8/15      AC:  2    Str:  5    XL:     2   Next: 58%
Magic:  5/8        EV: 13    Int: 19    God:
Gold:   42         SH:  0    Dex: 15    Spells: 4/7 levels left

rFire    . . .     SeeInvis .   j - +0 hunting sling
rCold    . . .     Gourm    .   (no shield)
rNeg     . . .     Faith    .   a - +0 robe
rPois    .         Spirit   .   (no helmet)
rElec    .         Reflect  .   (no cloak)
rCorr    .         Harm     .   (no gloves)
MR       .....                  (no boots)
Stlth    ++........             (no amulet)
HPRegen  0.05/turn              (no ring)
MPRegen  0.11/turn              (no ring)

@: no status effects
A: no striking features
a: no special abilities


You were on level 2 of the Dungeon.
You were not hungry.

You visited 1 branch of the dungeon, and saw 2 of its levels.

You collected 42 gold pieces.

Inventory:

Hand Weapons
 f - a +2 hunting sling of velocity
 h - a +0 whip
 j - a +0 hunting sling (weapon)
Missiles
 i - 28 stones (quivered)
 m - 21 arrows
 n - 8 bolts
Armour
 a - a +0 robe (worn)
Scrolls
 d - 3 scrolls of remove curse {unknown}
 e - a scroll of immolation {unknown}
 q - a scroll of teleportation {unknown}
Potions
 b - a potion of heal wounds {unknown}
 g - a potion of lignification {unknown}
 l - 2 potions of agility {unknown}
 o - a potion of degeneration {unknown}
 p - a potion of haste {unknown}
Comestibles
 c - 3 rations
 k - 3 chunks of flesh


   Skills:
 - Level 2.4 Dodging
 + Level 2.9 Stealth
 + Level 3.4 Spellcasting
 * Level 4.9 Summonings


You had 4 spell levels left.
You knew the following spells:

 Your Spells              Type           Power        Failure   Level  Hunger
a - Summon Small Mammal   Summ           ###.         1%          1    None
b - Call Imp              Summ           ###.....     3%          2    ##.....

Your spell library contained the following spells:

 Spells                   Type           Power        Failure   Level  Hunger
 Call Canine Familiar     Summ           ###.....     6%          3    ###....
 Summon Guardian Golem    Hex/Summ       ##......     16%         3    ###....
 Summon Ice Beast         Ice/Summ       ##......     47%         4    ####...
 Summon Lightning Spire   Summ/Air       ##......     47%         4    ####...


Dungeon Overview and Level Annotations

Branches:
Dungeon (2/15)

Altars:

Annotations:
D:1 1 exclusion


Message History

The white imp barely misses you.
Your crimson imp hits the white imp but does no damage.
The white imp closely misses you.
Your crimson imp barely misses the white imp.
Your crimson imp hits the dart slug.
Your crimson imp hits the dart slug.
The dart slug launches a dart at your crimson imp.
The slug dart hits your crimson imp. The white imp gestures at you.
The puff of frost hits you!
* * * LOW HITPOINT WARNING * * *
Your crimson imp hits the dart slug.
The dart slug closely misses your crimson imp.
The white imp gestures at you. The puff of frost misses you.
Your crimson imp blinks!
The white imp gestures at you. The puff of frost hits you!
Ouch! That really hurt!
You die...

..## #..##..#...#.#.#.#
...#.#..###.....#.#.#.#
.<.#................#.######.#
.............................#
...#................#.######.#
.................##.#)# #.#
...#.....###..>..##.#.# #.#
...#.....###.....##.#.######.####
................@...............#
.............)................#
..............................#
...#.#...........############.#
...............5...... #.#
.............#.####### #.#
.............#5##############.#
.............w.ยง..............#
..##.#.#######(################


You could see a white imp, a dart slug and a friendly crimson imp.

Vanquished Creatures
  A goblin (D:1)
1 creature vanquished.

Vanquished Creatures (collateral kills)
  3 dart slugs (D:1)
  2 bats (D:1)
  2 giant cockroaches (D:1)
  5 goblins (D:1)
  4 hobgoblins
  A ball python (D:1)
  A frilled lizard (D:1)
  2 kobolds (D:1)
  4 rats (D:1)
24 creatures vanquished.

Grand Total: 25 creatures vanquished

Notes
Turn   | Place    | Note
-------+----------+-------------------------------------------
     0 | D:1      | vorskei the Deep Elf Summoner began the quest for the Orb.
     0 | D:1      | Reached XP level 1. HP: 10/10 MP: 6/6
   500 | D:1      | Reached XP level 2. HP: 15/15 MP: 4/8
   617 | D:1      | Learned a level 2 spell: Call Imp
  1408 | D:2      | Killed from afar by a white imp

Levels and vault maps discovered:
D:1:      sevenhm_arrival_forest_fort_large_4, layout_rooms,
          minmay_split_cup_small
D:2:      layout_basic, lemuel_zombie_altar_yredelemnul

Action                   || total
-------------------------++-------
Melee: Club              ||     4
       Unarmed           ||     1
 Fire: Hunting sling     ||     1
 Cast: Summon Small Mamm ||    37
       Call Imp          ||    13
  Eat: Chunk             ||     2
Armor: Robe              ||     5
Dodge: Dodged            ||    25

Table legend:
 A = Non-vault XP
 B = Vault XP
 C = Vault XP percentage of total XP
 D = Non-vault monster count
 E = Vault monster count
 F = Vault count percentage of total count
                 A         B        C        D         E       F
            +---------+---------+-------+---------+---------+-------
      Total |      25 |       4 |  13.8 |      22 |       3 |  12.0
            +---------+---------+-------+---------+---------+-------
        D:1 |      24 |       4 |  14.3 |      21 |       3 |  12.5
        D:2 |       1 |       0 |   0.0 |       1 |       0 |   0.0
            +---------+---------+-------+---------+---------+-------
